 Dungeon Crawl Stone Soup version 0.30.1-9-gdf580d7c3d (webtiles) character file.

Game seed: 3048200981307506073

5180 MysteronAgent613 the Covert (level 10, 0/66 HPs)
             Began as a Felid Enchanter on Oct 15, 2023.
             Was a Believer of Ru.
             Succumbed to a black mamba's poison
             ... on level 2 of the Lair of Beasts.
             The game lasted 00:49:52 (11541 turns).

MysteronAgent613 the Covert (Felid Enchanter)      Turns: 11541, Time: 00:49:52

Health: 0/66       AC: 29    Str: 12    XL:     10   Next: 34%
Magic:  5/20       EV:  4    Int: 20    God:    Ru [**....]
Gold:   446        SH:  0    Dex: 16    Spells: 8/21 levels left
                                        Lives:  0   Deaths: 3

rFire   x .          .
                       - Unarmed
rCold   . . .        (shield unavailable)
rNeg    . . .        (body armour unavailable)
rPois   +            (helmet unavailable)
rElec   .            (cloak unavailable)
rCorr   .            (gloves unavailable)
SInv    +            (boots unavailable)
Will    +....        (no amulet)
Stlth   ++++         (ring unavailable)
HPRegen 0.31/turn    p - ring of the Falcon {rF- AC+4 Str+4 Int+2}
MPRegen 0.17/turn

%: no passive effects
@: lethally poisoned (0 -> -7), tree-form, very slightly contaminated, hasted,
very quick
A: stationary, stasis, torment immunity, boosted hp, very small, (claws 1),
(fangs 3), see invisible, (speed 1), (shaggy fur 3), missing a hand, (stealthy
paws), no weapons or thrown items, no armour, multi-lived, wild magic 1
a: Renounce Religion


You were on level 2 of the Lair of Beasts.
You worshipped Ru.
Ru was pleased with you.
You were a tree.
You visited 3 branches of the dungeon, and saw 11 of its levels.
You also visited: Sewer.

You collected 446 gold pieces.

Inventory:

Jewellery
 e - a ring of resist corrosion
 g - a ring of wizardry
 i - a ring of protection from cold
 k - a +4 ring of protection
 p - the ring of the Falcon (right branch) {rF- AC+4 Str+4 Int+2}
   (You found it on level 7 of the Dungeon)

   [ring of protection]

   AC:        It affects your AC (+4).
   Str:       It affects your strength (+4).
   Int:       It affects your intelligence (+2).
   rF:        It makes you vulnerable to fire.
Wands
 u - a wand of flame (3)
 y - a wand of roots (4)
Scrolls
 a - a scroll of amnesia
 b - 2 scrolls of fog
 c - 4 scrolls of vulnerability
 d - a scroll of poison
 h - 2 scrolls of enchant weapon
 m - a scroll of noise
 n - 4 scrolls of teleportation
 o - 3 scrolls of silence
 q - 2 scrolls of enchant armour
 s - 2 scrolls of brand weapon
Potions
 f - 4 potions of flight
 l - a potion of lignification


   Skills:
 * Level 5.1 Fighting
 * Level 7.2 Dodging
 * Level 9.6 Stealth
 * Level 6.5 Unarmed Combat
 * Level 6.1 Spellcasting
 * Level 4.0 Conjurations
 * Level 8.6 Hexes
 * Level 3.9 Transmutations
 * Level 4.0 Fire Magic
 * Level 4.3 Ice Magic
 * Level 4.1 Earth Magic
 * Level 5.2 Evocations


You had 8 spell levels left.
You knew the following spells:

 Your Spells              Type           Power      Damage    Failure   Level
a - Ensorcelled Hibernat  Hex/Ice        82%        N/A       2%          2
b - Tukima's Dance        Hex            52%        N/A       1%          3
c - Stone Arrow           Conj/Erth      58%        3d10      10%         3
d - Scorch                Fire           58%        2d7       5%          2
e - Frozen Ramparts       Ice            60%        1d10      9%          3

Your spell library contained the following spells:

 Spells                   Type           Power      Damage    Failure   Level
 Confusing Touch          Hex            52%        N/A       1%          3
 Foxfire                  Conj/Fire      100%       2x1d9     3%          1
 Sandblast                Erth           58%        2d13      3%          1
 Dazzling Flash           Conj/Hex       82%        N/A       4%          3
 Passwall                 Tmut/Erth      24%        N/A       5%          2
 Shock                    Conj/Air       72%        1d7       8%          1
 Ignite Poison            Fire/Tmut/Pois 21%        N/A       16%         3
 Lesser Beckoning         Tloc           14%        N/A       22%         2
 Flame Wave               Conj/Fire      29%        2d9       26%         4
 Ice Form                 Ice/Tmut       29%        N/A       26%         4
 Gell's Gravitas          Tloc           7%         N/A       38%         3
 Swiftness                Air            7%         N/A       38%         3
 Teleport Other           Tloc           7%         N/A       38%         3
 Summon Ice Beast         Ice/Summ       19%        N/A       47%         4
 Fireball                 Conj/Fire      14%        3d8       56%         5
 Blade Hands              Tmut           14%        N/A       58%         5
 Irradiate                Conj/Tmut      14%        3d16      58%         5
 Summon Cactus Giant      Summ           3%         N/A       100%        6
 Dragon Form              Tmut           14%        N/A       100%        7


Dungeon Overview and Level Annotations

Branches:
Dungeon (8/15)             Temple (1/1) D:7            Lair (2/5) D:8
  Sewer (visited)
  Swamp: Lair:2-3    Shoals: Lair:2-3     Snake: Lair:2-3    Spider: Lair:2-3

Altars:
Ashenzari
Cheibriados
Dithmenos
Elyvilon
Fedhas
Gozag
Hepliaklqana
Kikubaaqudgha
Makhleb
Nemelex Xobeh
Okawaru
Qazlal
Ru
Sif Muna
Trog
Uskayaw
Vehumet
Wu Jian
Xom
Yredelemnul
Zin
The Shining One

Shops:
D:4 =

Annotations:
D:3 Grinder
D:6 Maggie


Innate Abilities, Weirdness & Mutations

You are a tree.
Your roots penetrate the ground, keeping you stationary.
You cannot be teleported.
You are immune to unholy pain and torment.
Your maximum health is greatly increased.
((You have sharp claws.))
((You have razor-sharp teeth.))
You have supernaturally acute eyesight. (SInv)
((You cover ground quickly. (Speed+)))
((Your thick and shaggy fur keeps you warm. (AC +3, rC+)))
You are missing a hand.
((Your paws help you pounce on unaware monsters.))
You are incapable of wielding weapons or throwing items.
You cannot wear armour.
You gain extra lives every three experience levels.
Your spells are a little harder to cast, but a little more powerful.


Message History

Press: ? - help, Q - select action, (/) - cycle Shift-Dir - straight line, f/p - black mamba
Aim: a black mamba (severely wounded, 53% to hit)
You miscast Stone Arrow.
You are very lightly contaminated with residual magic.
Nothing appears to happen.
The black mamba completely misses you.
The black mamba is stunned by your conviction and fails to attack.
The yak bellows!
You scratch the black mamba.
The black mamba is severely wounded.
The black mamba bites you!
You are lethally poisoned!
The black mamba poisons you!
Unknown command.
It was a potion of lignification.
You turn into a tree.
Your roots penetrate the ground.
You feel very sick. The black mamba bites you!
* * * LOW HITPOINT WARNING * * *
The black mamba bites you but does no damage.
Unknown command.
You smack the black mamba!
The black mamba is almost dead.
* * * LOW HITPOINT WARNING * * *
You feel very sick.
The black mamba bites you but does no damage. x2
You smack the black mamba!
You kill the black mamba!
* * * LOW HITPOINT WARNING * * *
You feel very sick.
Unknown command.
It was a potion of flight.
Your roots keep you in place.
* * * LOW HITPOINT WARNING * * *
You feel very sick.
It was a potion of haste.
You feel yourself speed up.
* * * LOW HITPOINT WARNING * * *
You feel sick. The yak gores you but does no damage.
You smack the yak!
The yak is moderately wounded.
You die...

#..<...#..............#
##...#..########..#....#
######.P# ##P##...#
#..## ######.##
##...#####.# ##
#######....PPP.P..
........#.........
......#.##........
........YY♣.......
...#.+.♣S####..### .#
###....# #.# #..†S# .#
###........ #.....♣.
.##..... . Y♣...♣ .
......


You could see 2 yaks and a water moccasin.

Vanquished Creatures
  A black mamba (Lair:2)
  4 cane toads (Lair:1)
  3 komodo dragons (Lair:1)
  2 ice devils (Lair:1)
  A polar bear (Lair:2)
  2 wyverns (Lair:1)
  17 yaks (Lair:1)
  A basilisk (Lair:1)
  An acid dragon (D:8)
  8 water moccasins
  2 sky beasts (D:8)
  5 black bears
  Pargi (Sewer)
  An orc warrior (D:8)
  A phantom (D:4)
  3 centaurs
  6 bullfrogs
  5 scorpions
  A wight (D:8)
  4 killer bees (D:7)
  3 howler monkeys (D:8)
  6 hounds
  3 jellies
  5 orc priests
  Crazy Yiuf (D:6)
  A gnoll bouda (D:6)
  2 sleepcaps
  2 iguanas
  9 orc wizards
  Natasha (twice) (D:2)
  Terence (D:3)
  A mummy (D:7)
  12 gnolls
  10 adders
  A white imp (D:5)
  An ufetubus (D:7)
  3 dart slugs
  24 orcs
  A bat (D:2)
  5 endoplasms
  7 giant cockroaches
  16 goblins
  7 hobgoblins
  3 jackals (D:1)
  3 quokkas
  7 ball pythons
  10 frilled lizards
  A hobgoblin zombie (D:7)
  4 kobolds
  A kobold zombie (D:7)
  2 orc zombies (D:7)
  3 rats
226 creatures vanquished.

Vanquished Creatures (collateral kills)
  A two-headed ogre (D:8)
  An orc warrior (D:8)
  An ogre (D:6)
  2 wights (D:8)
  Robin (D:2)
  A gnoll (D:6)
  An orc (D:3)
  A goblin (D:4)
  2 kobolds
11 creatures vanquished.

Vanquished Creatures (others)
  4 dancing weapons
4 creatures vanquished.

Grand Total: 241 creatures vanquished

Notes
Turn   | Place    | Note
-------+----------+-------------------------------------------
     0 | D:1      | MysteronAgent613 the Felid Enchanter began the quest for
                  | the Orb.
     0 | D:1      | Reached XP level 1. HP: 7/7 MP: 4/4
   161 | D:1      | Reached XP level 2. HP: 12/12 MP: 6/6
   164 | D:1      | Learned a level 2 spell: Ensorcelled Hibernation
   348 | D:2      | Noticed Natasha
   490 | D:1      | Reached XP level 3. HP: 15/15 MP: 7/7
   494 | D:1      | Learned a level 3 spell: Tukima's Dance
   496 | D:1      | Found a faded altar of an unknown god.
   596 | D:2      | Noticed Robin
  1364 | D:2      | Reached skill level 1 in Fighting
  1364 | D:2      | Reached XP level 4. HP: 8/19 MP: 4/8
  1586 | D:2      | Gained mutation: You are partially covered in iridescent
                  | scales. (AC +2) [potion of mutation]
  1588 | D:2      | Killed Robin
  1589 | D:2      | Reached skill level 5 in Stealth
  1596 | D:2      | Killed Natasha
  1597 | D:2      | Reached skill level 5 in Hexes
  1623 | D:2      | Reached XP level 5. HP: 17/22 MP: 2/9
  1637 | D:2      | Learned a level 3 spell: Stone Arrow
  2145 | D:2      | Noticed Natasha
  2162 | D:2      | Killed Natasha
  2163 | D:2      | Reached skill level 1 in Ice Magic
  2808 | D:3      | Noticed Grinder
  2810 | D:3      | Paralysed by Grinder for 5 turns
  2859 | D:3      | Paralysed by Grinder for 3 turns
  3104 | D:3      | Noticed Terence
  3119 | D:3      | Killed Terence
  3359 | D:3      | Identified the +1 pair of boots of Gopp {Contam Harm Will-
                  | Str+9}
  3497 | D:3      | Paralysed by Grinder for 3 turns
  3499 | D:3      | Slain by Grinder
  3500 | D:3      | Reached XP level 4. HP: 0/19 MP: 1/9
  3828 | D:4      | Found Atanaguh's Jewellery Shop.
  3902 | D:4      | Reached XP level 5. HP: 22/22 MP: 10/10
  3942 | D:4      | Noticed a phantom
  4405 | D:4      | Reached skill level 1 in Evocations
  4482 | D:4      | Killed a phantom
  4483 | D:4      | Gained mutation: You are covered in thick fur. (AC +2)
                  | [Felid growth]
  4483 | D:4      | Reached XP level 6. HP: 21/26 MP: 1/11
  4486 | D:4      | Learned a level 2 spell: Scorch
  4685 | D:5      | Entered Level 5 of the Dungeon
  4707 | D:5      | Found a glowing drain.
  4744 | Sewer    | Entered a sewer
  4766 | Sewer    | Noticed Pargi
  4782 | Sewer    | Killed Pargi
  4783 | Sewer    | Reached skill level 1 in Conjurations
  4783 | Sewer    | Reached skill level 1 in Earth Magic
  4986 | D:5      | Reached XP level 7. HP: 29/30 MP: 1/12
  5222 | D:5      | Reached skill level 1 in Fire Magic
  5249 | D:5      | Reached skill level 6 in Stealth
  5445 | D:5      | Identified the -2 helmet of Ygexzom {SInv}
  6109 | D:6      | Reached XP level 8. HP: 34/34 MP: 3/14
  6340 | D:6      | Found a runed translucent door.
  6341 | D:6      | Noticed Crazy Yiuf
  6351 | D:6      | Killed Crazy Yiuf
  6800 | D:6      | Reached skill level 5 in Dodging
  6882 | D:6      | Reached skill level 7 in Stealth
  7150 | D:6      | Noticed Maggie
  7288 | D:7      | Learned a level 5 spell: Irradiate
  7378 | D:7      | Found an opulent altar of Gozag.
  7435 | D:7      | Found a staircase to the Ecumenical Temple.
  7444 | Temple   | Entered the Ecumenical Temple
  7690 | Temple   | Became a worshipper of Ru the Awakened
  8193 | D:7      | Reached XP level 9. HP: 25/38 MP: 13/16
  8625 | D:7      | Identified the ring of the Falcon {rF- AC+4 Str+4 Int+2}
  8722 | D:8      | Identified the +3 whip "Vuyt" {flame, rElec rN+ Str+2}
  8861 | D:8      | Reached skill level 1 in Transmutations
  9015 | D:8      | Reached skill level 5 in Unarmed Combat
  9215 | D:8      | Noticed a two-headed ogre
  9221 | D:8      | Reached skill level 8 in Stealth
  9224 | D:8      | Found a staircase to the Lair.
  9280 | D:8      | Reached skill level 5 in Spellcasting
  9464 | D:8      | Reached XP level 10. HP: 31/42 MP: 3/18
  9573 | D:8      | Killed a two-headed ogre
  9989 | Lair:1   | Entered Level 1 of the Lair of Beasts
 10001 | Lair:1   | Gained mutation: You are missing a hand. [Ru sacrifice]
 10001 | Lair:1   | Reached * piety under Ru
 10001 | Lair:1   | Reached ** piety under Ru
 10008 | Lair:1   | Noticed a cane toad
 10013 | Lair:1   | Killed a cane toad
 10166 | Lair:1   | Identified the +0 scale mail "Fakovor" {Will- Regen+ Dex-4
                  | Stlth+}
 10207 | Lair:1   | Noticed a cane toad
 10209 | Lair:1   | Noticed a cane toad
 10219 | Lair:1   | Killed a cane toad
 10231 | Lair:1   | Killed a cane toad
 10476 | Lair:1   | Reached skill level 9 in Stealth
 10575 | Lair:1   | Identified a scroll of acquirement
 10576 | Lair:1   | Acquired the Vellum of the Floating Sun
 10758 | Lair:1   | Slain by a komodo dragon
 10759 | Lair:1   | Reached XP level 9. HP: -4/39 MP: 5/18
 10766 | Lair:1   | Noticed an ice devil
 10767 | Lair:1   | Found a frozen archway.
 10769 | Lair:1   | Noticed an ice devil
 10778 | Lair:1   | Killed an ice devil
 10779 | Lair:1   | Reached XP level 10. HP: 10/43 MP: 19/19
 10785 | Lair:1   | Mangled by an ice devil
 10786 | Lair:1   | Reached XP level 9. HP: -12/39 MP: 18/18
 10898 | Lair:1   | Killed a komodo dragon
 10954 | Lair:1   | Killed an ice devil
 10988 | Lair:1   | Noticed a cane toad
 10995 | Lair:1   | Killed a cane toad
 11153 | Lair:1   | Reached skill level 5 in Fighting
 11153 | Lair:1   | Reached skill level 5 in Evocations
 11349 | Lair:1   | Reached XP level 10. HP: 44/44 MP: 6/19
 11443 | Lair:1   | Learned a level 3 spell: Frozen Ramparts
 11521 | Lair:2   | Noticed a black mamba
 11530 | Lair:2   | Lost mutation: You are partially covered in iridescent
                  | scales. (AC +2) [potion of mutation]
 11530 | Lair:2   | Gained mutation: You are vulnerable to cold. (rC-) [potion
                  | of mutation]
 11531 | Lair:2   | Lost mutation: You are vulnerable to cold. (rC-) [potion of
                  | mutation]
 11531 | Lair:2   | Gained mutation: Your spells are a little harder to cast,
                  | but a little more powerful. [potion of mutation]
 11531 | Lair:2   | Gained mutation: Your thick and shaggy fur keeps you warm.
                  | (AC +3, rC+) [potion of mutation]
 11538 | Lair:2   | Killed a black mamba
 11539 | Lair:2   | HP: 3/66 [poisoned by a black mamba]
 11540 | Lair:2   | HP: 1/66 [poisoned by a black mamba]
 11541 | Lair:2   | Succumbed to a black mamba's poison

Illustrated notes

Levels and vault maps discovered:
D:1:      tekkud_arrival_beachfront_property, layout_loops_corners,
          hellmonk_ecumenical_altar_arch_garden, minmay_misc_feat_chi,
          serial_bayou_pond_a, chequers_serial_rivers_room_b, corner_web_ring
D:2:      layout_rooms, nicolae_figureground_pulse, uniq_natasha, uniq_robin
D:3:      layout_basic, dk_noncrumbling_3, minmay_misc_feat_columns,
          minmay_parallelograms, uniq_grinder, uniq_terence
D:4:      layout_basic, serial_shops, shop_statue, minmay_misc_feat_cross
D:5:      layout_basic, gup_sewer_entry_glass
D:6:      layout_loops_corners, uniq_maggie, uniq_crazy_yiuf_cottage
D:7:      layout_rooms, mainiacjoe_overflow_catwalk,
          minmay_temple_entry_junction, minmay_mini_ossuary
D:8:      layout_rooms, due_lair_maze_entry_diamond,
          chequers_serial_rivers_room_b
Temple:   mainiacjoe_temple_starburst
Lair:1:   layout_roguey, portal_ice_cave_demonic_guard, grunt_megastairs_5
Lair:2:   layout_concentric_octagons, nicolae_volcano_entry_s_turn,
          grunt_megastairs_4, uniq_gastronok

Skill      XL: |  1  2  3  4  5  6  7  8  9 10 |
---------------+-------------------------------+-----
Dodging        | 3 4 5 7 |  7.2
Fighting       | 1 2 3 5 |  5.1
Unarmed Combat | 2 3 4 5 6 |  6.5
Stealth        | 5 6 7 8 9 |  9.6
Hexes          | 5 6 7 8 |  8.6
Ice Magic      | 1 2 4 |  4.3
Evocations     | 1 2 3 5 4 |  5.2
Spellcasting   | 3 4 5 6 |  6.1
Conjurations   | 1 2 3 4 |  4.0
Earth Magic    | 1 2 4 |  4.1
Fire Magic     | 1 2 3 4 |  4.0
Transmutations | 2 3 |  3.9

Action                     |  1- 3 |  4- 6 |  7- 9 | 10-12 || total
---------------------------+-------+-------+-------+-------++-------
  Melee: Unarmed           |    96 |   152 |   280 |    78 ||   606
         Bite              |    14 |    13 |    34 |    11 ||    72
         Punch             |       |     3 |     8 |     1 ||    12
   Cast: Ensorcelled Hiber |     6 |     4 |    31 |    15 ||    56
         Tukima's Dance    |     4 |    10 |    18 |     2 ||    34
         Stone Arrow       |       |    15 |    71 |    24 ||   110
         Scorch            |       |     8 |    10 |       ||    18
         Irradiate         |       |       |       |     1 ||     1
 Invoke: Sacrifice a Hand  |       |       |       |     1 ||     1
  Evoke: Wand              |       |     8 |    25 |     7 ||    40
    Use: Potion            |     3 |     8 |    13 |     6 ||    30
         Scroll            |     2 |    11 |     4 |    10 ||    27
   Stab: Sleeping          |     9 |    13 |    31 |    13 ||    66
         Invisible         |     2 |     1 |     2 |       ||     5
 Armour: Skin              |     1 |    47 |    64 |    14 ||   126
  Dodge: Dodged            |   105 |   207 |   332 |    86 ||   730
